 Dungeon Crawl Stone Soup version 0.30-a0-459-g9104f0fc43 (webtiles) character file.

Game seed: 17527618540900134058

712 BigDaddyOpFi the Covert (level 7, -1/46 HPs)
             Began as an Octopode Fighter on Dec 15, 2022.
             Slain by a scorpion (7 damage)
             ... in an ossuary.
             The game lasted 00:04:36 (3535 turns).

BigDaddyOpFi the Covert (Octopode Fighter)          Turns: 3535, Time: 00:04:37

Health: -1/46      AC:  1    Str: 17    XL:     7   Next: 68%
Magic:  7/7        EV: 14    Int: 17    God:
Gold:   136        SH:  4    Dex: 11    Spells: 6/6 levels left

rFire   + . .      SeeInvis .    a - +0 rapier
rCold   . . .      Faith    .    b - +0 buckler
rNeg    . . .      Spirit   .    (helmet restricted)
rPois   .          Reflect  .    (no amulet)
rElec   .          Harm     .    p - ring "Tohaledi" {rF+ Int+6}
rCorr   .          Rampage  .    (no ring)
Will    .....                    (no ring)
Stlth   +++++.....               (no ring)
HPRegen 0.27/turn                (no ring)
MPRegen 0.10/turn                (no ring)
                                 (no ring)
                                 (no ring)

@: lethally poisoned (-1 -> -3)
A: almost no armour, amphibious, 8 rings, camouflage 1, gelatinous body 1,
(nimble swimmer 1), tentacles
a: no special abilities


You were in an ossuary.
You visited 1 branch of the dungeon, and saw 4 of its levels.
You also visited: Ossuary.

You collected 136 gold pieces.

Inventory:

Hand Weapons
 a - a +0 rapier (weapon)
Missiles
 l - a throwing net (quivered)
Armour
 b - a +0 buckler (worn)
Jewellery
 p - the ring "Tohaledi" (left tentacle) {rF+ Int+6}
   (You found it on level 2 of the Dungeon)

   [ring of intelligence]

   Int:       It affects your intelligence (+6).
   rF:        It protects you from fire.
Wands
 d - a wand of roots (6)
Scrolls
 f - a scroll of butterflies
 g - 2 scrolls of immolation
 j - 2 scrolls of vulnerability
 k - 4 scrolls of teleportation
 m - a scroll of poison
 q - a scroll of noise {unknown}
Potions
 i - a potion of cancellation
 n - a potion of heal wounds {unknown}
 o - a potion of lignification {unknown}


   Skills:
 - Level 3.1 Fighting
 - Level 2.1 Short Blades
 * Level 5.2 Dodging
 + Level 9.6 Stealth
 - Level 3.0 Shields


You had 6 spell levels left.
You didn't know any spells.
Your spell library was empty.

Dungeon Overview and Level Annotations

Branches:
Dungeon (4/15)            Ossuary (1/1)
 Temple: D:4-7

Altars:
Xom

Shops:
D:4 =


Innate Abilities, Weirdness & Mutations

You cannot wear most types of armour.
You are amphibious.
You can wear up to eight rings at the same time.
Your skin changes colour to match your surroundings (Stealth+).
Your rubbery body absorbs attacks. (AC +1, EV +1)
((You are camouflaged when in or above water. (Stealth+)))
You have tentacles for arms and can constrict up to eight enemies at once.


Message History

The scorpion misses you. You block the centaur zombie's attack.
The centaur zombie closely misses you.
You hit the centaur zombie. You squeeze the centaur zombie.
You destroy the centaur zombie!
The scorpion closely misses you. x2
Your Dodging skill increases to level 5!
You closely miss the scorpion. You grab the scorpion.
You squeeze the scorpion, but do no damage.
You constrict the scorpion. The scorpion barely misses you.
The scorpion closely misses you. x2
You hit the scorpion.
The scorpion is moderately wounded.
You constrict the scorpion. The scorpion stings you.
You block the scorpion's attack. The scorpion stings you.
You are poisoned.
The scorpion poisons you!
You hit the scorpion.
The scorpion is heavily wounded.
You constrict the scorpion.
You feel very sick. The scorpion barely misses you.
The scorpion closely misses you.
You completely miss the scorpion. You squeeze the scorpion.
The scorpion is almost dead.
You constrict the scorpion.
You kill the scorpion!
You feel very sick. The scorpion closely misses you.
You barely miss the scorpion. Your grab misses the scorpion.
You feel sick. The scorpion stings you! x2
* * * LOW HITPOINT WARNING * * *
You hit the scorpion. You grab the scorpion. Your squeeze misses the scorpion.
The scorpion is moderately wounded.
You constrict the scorpion.
You feel sick. The scorpion stings you.
* * * LOW HITPOINT WARNING * * *
It was a potion of magic.
Magic courses through your body.
You constrict the scorpion.
You feel sick. The scorpion barely misses you.
You hit the scorpion.
The scorpion is severely wounded.
You constrict the scorpion.
You feel sick. The scorpion stings you!
You die...

####################
..#!!.#...#...#...#...
..'...#...'...8...#.∩.
#??M#...#.......#...
######'###8...8###'#
#...#...#.......#...
#.†@8...#...8...'.∩.
#..s....#...#...#...
##8...8#############
#.......# #...8...+
#...#...# #########


You could see a scorpion.

Vanquished Creatures
  Grinder (D:3)
  Blork the orc (D:4)
  A bullfrog (D:3)
  2 scorpions (Ossuary)
  2 centaur zombies (Ossuary)
  2 scorpion zombies (Ossuary)
  An iguana (D:3)
  4 adders
  A worm (D:3)
  2 dart slugs (D:1)
  2 orcs (D:4)
  9 bats
  7 endoplasms
  A giant cockroach (D:1)
  3 goblins
  6 hobgoblins
  3 jackals (D:1)
  3 kobolds
  5 quokkas
  5 ball pythons
  4 frilled lizards
  A gnoll zombie (Ossuary)
  5 rats
71 creatures vanquished.

Notes
Turn   | Place    | Note
-------+----------+-------------------------------------------
     0 | D:1      | BigDaddyOpFi the Octopode Fighter began the quest for the
                  | Orb.
     0 | D:1      | Reached XP level 1. HP: 16/16 MP: 1/1
    33 | D:1      | Reached skill level 1 in Stealth
    66 | D:1      | Reached skill level 2 in Stealth
   134 | D:1      | Reached XP level 2. HP: 21/21 MP: 2/2
   156 | D:1      | Reached skill level 3 in Stealth
   250 | D:1      | Reached XP level 3. HP: 23/26 MP: 3/3
   332 | D:1      | Reached skill level 4 in Stealth
   936 | D:2      | Found a shimmering altar of Xom.
   984 | D:2      | Identified the ring "Tohaledi" {rF+ Int+6}
  1111 | D:2      | Reached skill level 5 in Stealth
  1424 | D:3      | Reached XP level 4. HP: 26/31 MP: 4/4
  1451 | D:3      | Noticed Grinder
  1461 | D:3      | Killed Grinder
  1462 | D:3      | Reached skill level 8 in Stealth
  1462 | D:3      | Reached XP level 5. HP: 25/36 MP: 5/5
  1462 | D:3      | Reached XP level 6. HP: 29/42 MP: 6/6
  2892 | D:4      | Noticed Blork the orc
  2895 | D:4      | Found Reamih's Jewellery Shoppe.
  2900 | D:4      | Killed Blork the orc
  2901 | D:4      | Reached skill level 9 in Stealth
  2901 | D:4      | Reached XP level 7. HP: 33/46 MP: 7/7
  2914 | D:4      | Found a sand-covered staircase.
  2926 | Ossuary  | Entered an ossuary
  3528 | Ossuary  | Reached skill level 5 in Dodging
  3535 | Ossuary  | Slain by a scorpion

Illustrated notes

Levels and vault maps discovered:
D:1:      dpeg_arrival_arbitrary_b, layout_loops_ring
D:2:      layout_loops_ring, basic_altar
D:3:      layout_basic, uniq_grinder
D:4:      layout_basic, nicolae_ru_sacrificial_ziggurat,
          mainiacjoe_overflow_concentric_impassable,
          chequers_ossuary_entry_cave, serial_shops, nicolae_shop_stone,
          chequers_serial_rivers_small_b, kennysheep_cross_room,
          kennysheep_generic_room_13, uniq_crazy_yiuf_cottage, uniq_duvessa,
          uniq_blork_the_orc
Ossuary:  ossuary_minmay_scorpions

Skill      XL: |  1  2  3  4  5  6  7 |
---------------+----------------------+-----
Stealth        | 2 3 5 8 9 |  9.6
Dodging        | 4 5 |  5.2
Fighting       | |  3.1
Short Blades   | |  2.1
Shields        | |  3.0

Action                   |  1- 3 |  4- 6 |  7- 9 || total
-------------------------+-------+-------+-------++-------
Melee: Rapier            |    76 |    45 |    41 ||   162
       Tentacles         |    12 |     6 |    16 ||    34
       Constrict         |    16 |     9 |     8 ||    33
       Punch             |       |       |     2 ||     2
  Use: Potion            |       |     4 |     2 ||     6
       Scroll            |       |     5 |       ||     5
 Stab: Sleeping          |    16 |     8 |     1 ||    25
Armor: Skin              |     9 |     4 |     3 ||    16
Dodge: Dodged            |    45 |    38 |    50 ||   133
Block: Buckler           |    13 |    12 |    12 ||    37

Table legend: (Time is in decaauts)
 A = Elapsed time spent in this place.
 B = Non-inter-level travel time spent in this place.
 C = Inter-level travel time spent in this place.
 D = Time resting spent in this place.
 E = Time spent auto-exploring this place.
 F = Levels seen in this place.
 G = Mean time per level.
                   A        B        C        D        E       F      G
               +--------+--------+--------+--------+--------+-----+--------+
         Total |   3537 |   3474 |     63 |   1285 |   1645 |   5 |  707.4 |
       Dungeon |   2934 |   2871 |     63 |    762 |   1632 |   4 |  733.5 |
       Ossuary |    603 |    603 |      0 |    523 |     13 |   1 |  603.0 |
               +--------+--------+--------+--------+--------+-----+--------+

Top non-repeatable levels by time:
     D:3: 1285 daAuts
     D:2: 899 daAuts
     D:1: 723 daAuts
 Ossuary: 603 daAuts
     D:4: 25 daAuts
